 Dungeon Crawl Stone Soup version 0.23.2-1-ga50397a (webtiles) character file.

Game seed: 7103755973649218125

743 MalarOregon the Ducker (level 7, 0/51 HPs)
             Began as a Merfolk Wizard on May 19, 2019.
             Was an Initiate of Gozag.
             Slain by a sky beast (5 damage)
             ... on level 5 of the Dungeon.
             The game lasted 00:29:24 (7752 turns).

MalarOregon the Ducker (Merfolk Wizard)             Turns: 7752, Time: 00:29:24

Health: 0/51       AC:  5    Str:  8    XL:     7   Next: 76%
Magic:  5/11       EV: 14    Int: 19    God:    Gozag
Gold:   419        SH:  4    Dex: 12    Spells: 2/12 levels left

rFire    . . .     SeeInvis .   a - +5 trident (holy)
rCold    . . .     Gourm    .   b - +0 buckler
rNeg     . . .     Faith    .   i - +1 robe
rPois    .         Spirit   .   o - +0 helmet
rElec    .         Reflect  .   (no cloak)
rCorr    .         Harm     .   p - +0 pair of gloves
MR       .....                  (no boots)
Stlth    ++........             (no amulet)
HPRegen  0.17/turn              (no ring)
MPRegen  0.12/turn              (no ring)

@: no status effects
A: change form in water, swift swim, stealthy swim
a: Potion Petition, Call Merchant, Bribe Branch, Renounce Religion


You were on level 5 of the Dungeon.
You worshipped Gozag.
Gozag was aware of your devotion.
You were not hungry.

You visited 2 branches of the dungeon, and saw 7 of its levels.

You collected 471 gold pieces.
You paid 52 gold pieces to Gozag.

Inventory:

Hand Weapons
 a - a +5 trident of holy wrath (weapon)
   (You took it off Robin on level 4 of the Dungeon)
Armour
 b - a +0 buckler (worn)
   (You found it on level 2 of the Dungeon)
 i - a +1 robe (worn)
 o - a +0 helmet (worn)
   (You took it off Robin on level 4 of the Dungeon)
 p - a +0 pair of gloves (worn)
   (You found it on level 5 of the Dungeon)
Wands
 c - a wand of disintegration (15)
   (You found it on level 5 of the Dungeon)
Scrolls
 d - 6 scrolls of remove curse {@r2}
 g - 2 scrolls of identify {@r1}
 n - a scroll of enchant armour
Potions
 f - 4 potions of curing {@q1}
 j - a potion of agility
 k - a potion of might
 l - 3 potions of heal wounds {@q2}
 m - a potion of lignification {!q}
 q - a potion of magic
Comestibles
 e - 8 rations {!d}


   Skills:
 + Level 2.5 Fighting
 * Level 3.9 Polearms
 + Level 4.5 Dodging
 + Level 3.7 Stealth
 * Level 2.9 Shields
 + Level 3.2 Spellcasting
 - Level 2.0 Conjurations
 + Level 1.4 Hexes
 + Level 2.2 Summonings
 + Level 1.7 Translocations
 + Level 1.3 Air Magic
 + Level 1.9 Poison Magic


You had 2 spell levels left.
You knew the following spells:

 Your Spells              Type           Power        Failure   Level  Hunger
b - Blink                 Tloc           N/A          13%         2    ##.....
d - Tukima's Dance        Hex            #.......     28%         3    ###....
f - Mephitic Cloud        Conj/Pois/Air  #.......     26%         3    ###....
x - Call Imp              Summ           ##......     11%         2    ##.....

Your spell library contained the following spells:

 Spells                   Type           Power        Failure   Level  Hunger
 Magic Dart               Conj           ##..         8%          1    None
 Corona                   Hex            #......      10%         1    None
 Slow                     Hex            #.......     14%         2    ##.....
 Ensorcelled Hibernation  Hex/Ice        #.....       19%         2    ##.....
 Dazzling Spray           Conj/Hex       #.....       26%         3    ###....
 Confuse                  Hex            #.......     28%         3    ###....
 Conjure Flame            Conj/Fire      #.......     34%         3    ###....


Dungeon Overview and Level Annotations

Branches:
Dungeon (6/15)             Temple (1/1) D:4

Altars:
Ashenzari
Cheibriados
Dithmenos
Elyvilon
Gozag
Kikubaaqudgha
Nemelex Xobeh
Okawaru
Qazlal
Sif Muna
Trog
Xom
Yredelemnul
Zin
The Shining One

Annotations:
D:4 1 runed translucent door, Magicfruit's ghost, amateur HuMo
D:5 2 transporters, DungeonDestroyer's ghost, novice MiFi; Prince Ribbit


Message History

Your crimson imp hits the hound zombie.
The hound zombie closely misses your crimson imp.
Your crimson imp hits the hound zombie.
Attack whom?
Aim: a hound zombie (severely damaged)
You reach to attack!
You puncture the hound zombie!
You destroy the hound zombie!
A sky beast appears from thin air!
Reactivating autopickup.
Your crimson imp hits the sky beast.
Attack whom?
Aim: a sky beast (moderately wounded)
You reach to attack!
You hit the sky beast but do no damage. The sky beast hits your crimson imp.
The sky beast shocks your crimson imp.
Your crimson imp blinks!
Attack whom?
Aim: a sky beast (moderately wounded)
You reach to attack!
You completely miss the sky beast.
A beastly little devil appears in a puff of flame.
The sky beast barely misses you.
Unknown command.
Your crimson imp blinks!
Your crimson imp closely misses the sky beast.
Your magical contamination has completely faded away.
Your crimson imp hits the sky beast.
Your crimson imp hits the ogre.
The ogre closely misses your crimson imp.
Your crimson imp hits the ogre.
The ogre hits your crimson imp!
Your crimson imp hits the ogre.
The ogre closely misses your crimson imp.
Your crimson imp barely misses the ogre.
The ogre closely misses something.
The sky beast flickers out of sight!
Deactivating autopickup; reactivate with Ctrl-A.
There is a stone staircase leading up here.
Something hits you.
* * * LOW HITPOINT WARNING * * *
Something shocks you.
* * * LOW HITPOINT WARNING * * *
You climb upwards.
Level annotation: 2 transporters, DungeonDestroyer's ghost, novice MiFi; Prince Ribbit Reactivating autopickup.
There is a stone staircase leading down here.
Deactivating autopickup; reactivate with Ctrl-A.
You miss something. Something hits you.
* * * LOW HITPOINT WARNING * * *
Something shocks you.
You die...
Your body crumbles into a pile of gold.

.#.#............#
....###.##.####.#
....# #.##.# #.#
.##.###.##.# #.#
.###...##..# #.#
.# #.####.## #.#
.# #.# #.# #.## .#
#.####.# #..# .#
#.#....# ##@# .#
#.#.#### #.# .#
#.#.# #.# .# #.#.#
#.# .# #.#.### #.#
.#
#.....#######.####
.#
###.#.##.........#
.#
#.#.##.#######.##
.# #.#.##.# #..#


There were no monsters in sight!

Vanquished Creatures
  A sky beast (D:4)
  2 ogres
  2 crimson imps (D:5)
  2 orc priests
  Jessica (D:3)
  A hound skeleton (D:5)
  A hound zombie (D:6)
  Robin (D:4)
  12 adders
  2 oozes
  An adder skeleton (D:4)
  3 worms
  2 dart slugs
  7 leopard geckos
  14 orcs
  A ball python (D:1)
  5 giant cockroaches
  12 goblins
  8 hobgoblins
  6 jackals
  10 kobolds
  A quokka (D:2)
  9 bats
  2 frilled lizards
  A leopard gecko zombie (D:5)
  A quokka skeleton (D:3)
  12 rats
120 creatures vanquished.

Vanquished Creatures (collateral kills)
  A scorpion (D:4)
  3 gnolls (D:2)
  5 adders
  An ooze (D:3)
  A worm (D:2)
  An orc (D:5)
  A rat (D:3)
13 creatures vanquished.

Vanquished Creatures (others)
  2 dancing weapons
  A goblin (D:4)
3 creatures vanquished.

Grand Total: 136 creatures vanquished

Notes
Turn   | Place    | Note
-------+----------+-------------------------------------------
     0 | D:1      | MalarOregon the Merfolk Wizard began the quest for the Orb.
     0 | D:1      | Reached XP level 1. HP: 13/13 MP: 4/4
   377 | D:1      | Reached skill level 1 in Conjurations
   459 | D:1      | Reached skill level 3 in Dodging
   459 | D:1      | Reached XP level 2. HP: 20/20 MP: 0/6
   652 | D:1      | You fall through a shaft!
   748 | D:2      | HP: 1/20 [adder (3)]
   757 | D:2      | Reached skill level 1 in Fighting
   893 | D:2      | Reached XP level 3. HP: 18/26 MP: 4/7
  1952 | D:2      | Learned a level 3 spell: Mephitic Cloud
  1955 | D:2      | Learned a level 2 spell: Call Imp
  1958 | D:2      | Learned a level 2 spell: Blink
  2405 | D:2      | Reached XP level 4. HP: 32/32 MP: 1/8
  2583 | D:2      | Reached skill level 1 in Translocations
  2586 | D:2      | Reached skill level 1 in Polearms
  2586 | D:2      | Reached skill level 1 in Shields
  2668 | D:2      | Found a basalt altar of Yredelemnul.
  3112 | D:2      | Reached XP level 5. HP: 15/37 MP: 3/9
  3552 | D:3      | Learned a level 3 spell: Tukima's Dance
  4060 | D:3      | Found an ancient bone altar of Kikubaaqudgha.
  4084 | D:3      | Reached skill level 1 in Poison Magic
  4298 | D:3      | Noticed Jessica
  4317 | D:3      | Killed Jessica
  4494 | D:3      | Noticed an ice beast
  4645 | D:4      | Reached skill level 4 in Dodging
  4742 | D:4      | Found a runed translucent door.
  4746 | D:4      | Noticed Magicfruit's ghost (amateur HuMo)
  4757 | D:4      | Got a steaming cloak
  4763 | D:4      | Identified the +2 cloak "Arghock" {*Slow rC+ Int+2} (You
                  | found it on level 4 of the Dungeon)
  4809 | D:4      | Found a white marble altar of Elyvilon.
  4836 | D:4      | Reached XP level 6. HP: 40/44 MP: 10/10
  5044 | D:4      | Noticed Robin
  5051 | D:4      | Killed Robin
  5163 | D:4      | Found a staircase to the Ecumenical Temple.
  5203 | Temple   | Entered the Ecumenical Temple
  5297 | Temple   | Became a worshipper of Gozag Ym Sagoz the Greedy
  5432 | D:4      | Reached skill level 1 in Hexes
  5710 | D:5      | Entered Level 5 of the Dungeon
  5726 | D:5      | Found a transporter.
  5750 | D:5      | Noticed DungeonDestroyer's ghost (novice MiFi)
  5919 | D:5      | Noticed a sky beast
  5929 | D:4      | Reached skill level 1 in Air Magic
  5929 | D:4      | Reached XP level 7. HP: 38/50 MP: 3/11
  6505 | D:5      | Noticed Prince Ribbit
  6538 | D:5      | Found a transporter.
  6673 | D:5      | Found a bloodstained altar of Trog.
  7602 | D:6      | Got a smoking rapier
  7634 | D:6      | Identified the +8 rapier of Zeovaj {pierce, rC++ Int-3
                  | Dex+3} (You found it on level 6 of the Dungeon)
  7672 | D:6      | Found an iron altar of Okawaru.
  7752 | D:5      | Slain by a sky beast

Skill      XL: |  1  2  3  4  5  6  7 |
---------------+----------------------+-----
Conjurations   | 1 2 |  2.0
Dodging        | 3 4 |  4.5
Fighting       | 1 2 |  2.5
Translocations | 1 |  1.7
Polearms       | 1 2 3 |  3.9
Shields        | 1 2 |  2.9
Stealth        | 3 |  3.7
Poison Magic   | 1 |  1.9
Hexes          | 1 |  1.4
Air Magic      | 1 |  1.3
Summonings     | 2 |  2.2
Spellcasting   | |  3.2

Action                   |  1- 3 |  4- 6 |  7- 9 || total
-------------------------+-------+-------+-------++-------
Melee: Unarmed           |     7 |       |       ||     7
       Spear             |    42 |   264 |       ||   306
       Trident           |       |    49 |    98 ||   147
       Rapier            |       |       |     2 ||     2
 Cast: Magic Dart        |    84 |       |       ||    84
       Call Imp          |     3 |    20 |     6 ||    29
       Mephitic Cloud    |       |     8 |     3 ||    11
       Tukima's Dance    |       |     2 |     3 ||     5
       Blink             |       |     1 |     2 ||     3
  Use: Potion            |     2 |       |       ||     2
       Scroll            |     7 |     7 |     2 ||    16
 Stab: Sleeping          |     3 |     6 |     1 ||    10
       Distracted        |       |     2 |     1 ||     3
       Confused          |       |     4 |       ||     4
  Eat: Chunk             |     4 |    12 |       ||    16
       Ration            |       |     1 |     2 ||     3
Armor: Robe              |     7 |    49 |    15 ||    71
Dodge: Dodged            |    45 |   133 |    40 ||   218
Block: Buckler           |    11 |    37 |    14 ||    62
